 Dungeon Crawl Stone Soup version 0.31-a0-460-g9e667d4245 (webtiles) character file.

Game seed: 8780256474892139429

858 horus123 the Digger (level 7, -1/32 HPs)
             Began as a Deep Elf Earth Elementalist on Aug 4, 2023.
             Was a Priest of Hepliaklqana.
             Killed by nerve-wracking pain
             ... invoked by an orc priest
              (6 damage)
             ... on level 6 of the Dungeon.
             The game lasted 00:09:43 (3707 turns).

horus123 the Digger (Deep Elf Earth Elementalist)   Turns: 3707, Time: 00:09:44

Health: -1/32      AC:  4    Str:  5    XL:     7   Next: 71%
Magic:  12/18      EV: 12    Int: 22    God:    Hepliaklqana [***...]
Gold:   184        SH:  0    Dex: 15    Spells: 8/18 levels left

rFire   . . .        p - +3 quarterstaff (chaos)
rCold   . . .        (shield currently unavailable)
rNeg    . . .        a - +0 robe
rPois   .            (no helmet)
rElec   .            q - +0 cloak
rCorr   .            (no gloves)
SInv    .            i - +0 pair of boots
Will    .....        (no amulet)
Stlth   ++           (no ring)
HPRegen 0.25/turn    (no ring)
MPRegen 0.16/turn

%: no passive effects
@: very slightly contaminated
A: reduced essence
a: Renounce Religion, Recall Ancestor, Ancestor Identity, Transference


You were on level 6 of the Dungeon.
You worshipped Hepliaklqana.
Hepliaklqana was most pleased with you.
You visited 1 branch of the dungeon, and saw 6 of its levels.

You collected 184 gold pieces.

Inventory:

Hand Weapons
 d - a +0 short sword of venom
 p - a +3 quarterstaff of chaos (weapon)
Armour
 a - a +0 robe (worn)
 i - a +0 pair of boots (worn)
 l - a +0 kite shield of protection
 q - a +0 cloak (worn)
Jewellery
 r - a ring of wizardry
Wands
 m - a wand of flame (34)
 n - a wand of paralysis (8)
Scrolls
 c - 2 scrolls of revelation {unknown}
 g - 3 scrolls of enchant armour {unknown}
 h - a scroll of enchant weapon {unknown}
 j - 4 scrolls of teleportation {unknown}
 k - a scroll of acquirement {unknown}
 o - a scroll of blinking {unknown}
 s - a scroll of fog {unknown}
 t - a scroll of immolation {unknown}
 u - a scroll of fear {unknown}
Potions
 b - a potion of magic
 e - 4 potions of curing {unknown}
 f - 2 potions of heal wounds {unknown}


   Skills:
 - Level 2.4 Dodging
 - Level 2.4 Stealth
 - Level 6.0 Spellcasting
 - Level 5.0 Conjurations
 + Level 2.8 Transmutations
 - Level 7.0 Earth Magic


You had 8 spell levels left.
You knew the following spells:

 Your Spells              Type           Power      Damage    Failure   Level
a - Sandblast             Erth           74%        2d16      1%          1
b - Passwall              Tmut/Erth      23%        N/A       1%          2
c - Stone Arrow           Conj/Erth      66%        3d11      2%          3
d - Petrify               Tmut/Erth      28%        N/A       12%         4

Your spell library contained the following spells:

 Spells                   Type           Power      Damage    Failure   Level
 Summon Small Mammal      Summ           24%        N/A       9%          1
 Call Canine Familiar     Summ           6%         N/A       26%         3
 Ozocubu's Armour         Ice            6%         N/A       26%         3
 Summon Guardian Golem    Hex/Summ       6%         N/A       26%         3
 Ozocubu's Refrigeration  Ice            3%         4d8       100%        7


Dungeon Overview and Level Annotations

Branches:
Dungeon (7/15)
 Temple: D:4-7

Altars:
Hepliaklqana
Vehumet
Wu Jian
Yredelemnul


Message History

You miscast Stone Arrow.
You are very lightly contaminated with residual magic.
Nothing appears to happen.
The orc warrior barely misses you.
Casting: Stone Arrow (dangerous; 2% risk of failure)
Confirm with . or Enter, or press ? or * to list all spells.
Aiming: Stone Arrow (dangerous; 2% risk of failure)
Press: ? - help, Shift-Dir - straight line, f/p - orc warrior
Aim: an orc warrior, wielding a +0 dire flail and wearing a +0 chain mail (lightly wounded, ally target, 71% to hit)
The stone arrow hits the orc warrior.
The orc warrior is moderately wounded.
The orc warrior barely misses you.
The orc priest hits you with a +0 short sword.
Magic courses through your body.
The orc priest hits you with a +0 short sword.
The orc warrior misses you.
Djefatnebti misses the orc warrior.
Okay, then.
Casting: Stone Arrow (dangerous; 2% risk of failure)
Confirm with . or Enter, or press ? or * to list all spells.
Aiming: Stone Arrow (dangerous; 2% risk of failure)
Press: ? - help, Shift-Dir - straight line, f/p - orc warrior
Aim: an orc warrior, wielding a +0 dire flail and wearing a +0 chain mail (moderately wounded, ally target, 71% to hit)
The stone arrow hits the orc warrior!
The orc warrior is severely wounded.
The orc priest calls down the wrath of Beogh upon you.
Beogh smites you!
Djefatnebti blocks something's attack.
The orc warrior hits you with a +0 dire flail.
* * * LOW HITPOINT WARNING * * *
Casting: Stone Arrow (dangerous; 2% risk of failure)
Confirm with . or Enter, or press ? or * to list all spells.
Aiming: Stone Arrow (dangerous; 2% risk of failure)
Press: ? - help, Shift-Dir - straight line, f/p - orc warrior
Aim: an orc warrior, wielding a +0 dire flail and wearing a +0 chain mail (severely wounded, 71% to hit)
The stone arrow hits the orc warrior!!
You kill the orc warrior!
Djefatnebti hits something with a +0 flail!
Something hits Djefatnebti but does no damage.
The orc hits Djefatnebti but does no damage.
The orc priest invokes the aid of Beogh against you.
Pain shoots through your body!
You die...

.##. #......###...
....###..S........
........o.# ......
.......>.R##......
..................
.##...............
..#...#.....#.##....
.....#####S.###....#
.....!.@o......... .
#......)Ro##......
#...............#z
............#.#.#
........####.####
#......?. ##
##.....#. ...... #


You could see the friendly Djefatnebti the knight, an orc priest, an adder and
an orc.

Vanquished Creatures
  Eustachio (D:4)
  An orc warrior (D:6)
  A phantom (D:4)
  A wight (D:6)
  A howler monkey (D:4)
  An orc priest (D:3)
  Crazy Yiuf (D:3)
  A jelly (D:3)
  3 adders (D:3)
  A worm (D:4)
  2 dart slugs
  3 orcs
  10 bats
  5 endoplasms
  2 giant cockroaches
  9 goblins
  5 hobgoblins
  5 jackals
  4 quokkas
  3 ball pythons
  3 frilled lizards
  9 kobolds
  7 rats
79 creatures vanquished.

Vanquished Creatures (collateral kills)
  Sigmund (D:3)
  A black bear (D:4)
  A scorpion (D:4)
  Ijyb (D:3)
  A worm (D:2)
  A hobgoblin (D:1)
  3 jackals
9 creatures vanquished.

Vanquished Creatures (others)
  An ancestor (D:1)
1 creature vanquished.

Grand Total: 89 creatures vanquished

Notes
Turn   | Place    | Note
-------+----------+-------------------------------------------
     0 | D:1      | horus123 the Deep Elf Earth Elementalist began the quest
                  | for the Orb.
     0 | D:1      | Reached XP level 1. HP: 10/10 MP: 6/6
   135 | D:1      | Reached XP level 2. HP: 15/15 MP: 7/9
   155 | D:1      | Learned a level 2 spell: Passwall
   311 | D:1      | Found a faded altar of an unknown god.
   317 | D:1      | Prayed at the altar of an unknown god.
   317 | D:1      | Became a worshipper of Hepliaklqana the Forgotten
   317 | D:1      | Reached * piety under Hepliaklqana
   820 | D:1      | Reached XP level 3. HP: 17/17 MP: 7/11
   877 | D:1      | Reached skill level 5 in Spellcasting
  1358 | D:2      | Reached ** piety under Hepliaklqana
  1373 | D:2      | Remembered your ancestor Djefatnebti as a knight
  1449 | D:2      | Found a basalt altar of Yredelemnul.
  1810 | D:2      | Learned a level 3 spell: Stone Arrow
  1991 | D:3      | Noticed Ijyb
  2005 | D:3      | Killed Ijyb
  2006 | D:3      | Reached skill level 1 in Conjurations
  2006 | D:3      | Reached XP level 4. HP: 21/21 MP: 12/14
  2064 | D:3      | Found an ornate altar of the Wu Jian Council.
  2211 | D:3      | Reached XP level 5. HP: 25/25 MP: 13/15
  2317 | D:3      | Found a runed translucent door.
  2318 | D:3      | Noticed Crazy Yiuf
  2439 | D:3      | Noticed Sigmund
  2461 | D:3      | Killed Sigmund
  2462 | D:3      | Reached skill level 5 in Conjurations
  2462 | D:3      | Reached skill level 4 in Earth Magic
  2462 | D:3      | Reached XP level 6. HP: 28/28 MP: 13/17
  2467 | D:3      | Learned a level 4 spell: Petrify
  2516 | D:3      | Found a radiant altar of Vehumet.
  2811 | D:3      | Killed Crazy Yiuf
  2894 | D:4      | Noticed Eustachio
  3072 | D:4      | Killed Eustachio
  3073 | D:4      | Reached skill level 5 in Earth Magic
  3073 | D:4      | Reached XP level 7. HP: 20/32 MP: 5/18
  3221 | D:4      | Reached skill level 6 in Earth Magic
  3398 | D:4      | Reached *** piety under Hepliaklqana
  3432 | D:4      | Reached skill level 7 in Earth Magic
  3654 | D:4      | You fall into a shaft and drop 3 floors!
  3707 | D:6      | Killed from afar by an orc priest

Illustrated notes

Levels and vault maps discovered:
D:1:      ebering_trefoil_twist, layout_basic, chequers_ecumenical_altar_twisty
D:2:      layout_basic, basic_altar
D:3:      layout_rooms, old_standard_altar, vehumet_crystals,
          minmay_crystal_water, hex_tiny, uniq_ijyb, uniq_crazy_yiuf_cottage,
          uniq_sigmund
D:4:      layout_basic, minmay_overflow_temple_star_hex, uniq_eustachio,
          uniq_natasha
D:6:      layout_cave_pools, grunt_temple_overflow_holy_war,
          minmay_temple_entry_statues_fountains, serial_shops, kennysheep_mini,
          corexii_corridor_pit, kennysheep_generic_room_15, uniq_menkaure
D:7:      layout_loops_corners

Skill      XL: |  1  2  3  4  5  6  7 |
---------------+----------------------+-----
Spellcasting   | 4 6 |  6.0
Conjurations   | 1 2 5 |  5.0
Earth Magic    | 4 5 7 |  7.0
Transmutations | 2 |  2.8
Dodging        | |  2.4
Stealth        | |  2.4

Action                     |  1- 3 |  4- 6 |  7- 9 || total
---------------------------+-------+-------+-------++-------
  Melee: Short sword       |     1 |       |       ||     1
         Quarterstaff      |       |       |     1 ||     1
   Cast: Sandblast         |    62 |    28 |    15 ||   105
         Stone Arrow       |       |    10 |     7 ||    17
 Invoke: Ancestor Life: Kn |     1 |       |       ||     1
         Recall Ancestor   |       |       |     2 ||     2
    Use: Potion            |       |       |     1 ||     1
 Armour: Robe              |     4 |     1 |       ||     5
  Dodge: Dodged            |     4 |     6 |     7 ||    17

Table legend: (Time is in decaauts)
 A = Elapsed time spent in this place.
 B = Non-inter-level travel time spent in this place.
 C = Inter-level travel time spent in this place.
 D = Time resting spent in this place.
 E = Time spent auto-exploring this place.
 F = Levels seen in this place.
 G = Mean time per level.
                   A        B        C        D        E       F      G
               +--------+--------+--------+--------+--------+-----+--------+
         Total |   3761 |   3697 |     64 |    268 |   2897 |   6 |  626.8 |
       Dungeon |   3761 |   3697 |     64 |    268 |   2897 |   6 |  626.8 |
               +--------+--------+--------+--------+--------+-----+--------+

Top non-repeatable levels by time:
     D:1: 1238 daAuts
     D:3: 1174 daAuts
     D:2: 693 daAuts
     D:4: 601 daAuts
     D:7: 32 daAuts
     D:6: 20 daAuts
